[Event "Titled Tuesday Blitz October 11 Early 2022"]
[White "Tristan, Leonardo"]
[Black "Katz, Alexander"]
[WhiteFideId "113816"]
[BlackFideId "2039796"]
[WhiteElo "2446"]
[BlackElo "2388"]
[Result "1-0"]
[Round "05"]
[TimeControl "180+1"]
[Date "2022.10.12"]
[WhiteClock "0:00:09"]
[BlackClock "0:00:10"]

1. d4 d5 2. Nf3 Nf6 3. Bf4 Bf5 4. e3 e6 5. c4 Bb4+ 6. Nbd2 c6 7. a3 Bd6 8. Bxd6 Qxd6 9. Be2 O-O 10. O-O Nbd7 11. c5 Qe7 12. b4 e5 13. dxe5 Nxe5 14. Nxe5 Qxe5 15. Nf3 Qc7 16. Nd4 Bg6 17. Rc1 a6 18. a4 Nd7 19. Qb3 Rfe8 20. b5 axb5 21. axb5 Re4 22. Bd3 Rh4 23. g3 Bxd3 24. Qxd3 Re4 25. Nf5 Ne5 26. Qb3 Qd7 27. Nd6 Qh3 28. f4 Ng4 29. Qb2 Rb4 30. Qd2 Ra3 31. Ra1 Rxa1 32. Rxa1 h5 33. Qc2 g6 34. Qd2 Rb3 35. Ra8+ Kh7 36. Ra1 Rxe3 37. Qb2 d4 38. Nxb7 Rb3 39. Qg2 Qxg2+ 40. Kxg2 Rb2+ 41. Kf3 Rxb5 42. Ke4 Rxb7 43. Kxd4 Rd7+ 44. Kc4 Ne3+ 45. Kc3 Rd5 46. Ra5 Nf1 47. Kc4 Nxh2 48. Ra6 Nf1 49. Rxc6 Ne3+ 50. Kb5 Nf5 51. Rc7 Kg7 52. Kb6 Nxg3 53. c6 h4 54. Rd7 Rf5 55. c7 Rf6+ 56. Kb7 Rxf4 57. c8=Q h3 58. Qc3+ Rf6 59. Qxg3 h2 60. Qxh2 g5 61. Qe5 Kg6 62. Rd6 Rxd6 63. Qxd6+ f6 64. Kc6 g4 65. Kd5 Kg5 66. Ke4 f5+ 67. Ke3 f4+ 68. Qxf4+ 1-0


[Site "https://www.chess.com"]

[Event "Titled Tuesday Blitz October 11 Early 2022"]
[White "Troltenier, Dirk"]
[Black "Urbina Perez, Juan Antonio"]
[WhiteFideId "4606400"]
[BlackFideId "2217368"]
[WhiteElo "2279"]
[BlackElo "2197"]
[Result "0-1"]
[Round "05"]
[TimeControl "180+1"]
[Date "2022.10.12"]
[WhiteClock "0:00:01"]
[BlackClock "0:00:22"]

1. e4 c5 2. c3 g6 3. d4 cxd4 4. cxd4 Bg7 5. Nc3 d5 6. exd5 Nf6 7. Qb3 O-O 8. Be2 Nbd7 9. Bf3 Nb6 10. a4 a5 11. Nge2 Bg4 12. Bxg4 Nxg4 13. O-O Nf6 14. Nf4 g5 15. Nd3 Nfxd5 16. Bxg5 Bxd4 17. Rad1 Nxc3 18. bxc3 Bg7 19. Rfe1 Qd5 20. Qxb6 Qxg5 21. Re3 Kh8 22. Qxb7 e6 23. Rg3 Qh5 24. Qf3 Qh4 25. Nf4 Rad8 26. Nh5 Be5 27. Rg4 Qe7 28. Re1 Rd5 29. Rge4 Bg7 30. Nxg7 Kxg7 31. Rg4+ Rg5 32. Qg3 Rxg4 33. Qxg4+ Kh8 34. Qd4+ f6 35. g3 Rd8 36. Qe4 e5 37. Rb1 Qd6 38. Rb7 Qd1+ 39. Kg2 Qd5 40. Qxd5 Rxd5 41. Rf7 Rd6 42. Ra7 Rc6 43. Rxa5 Rxc3 44. Ra7 Ra3 45. h4 f5 46. h5 h6 47. f3 e4 48. fxe4 fxe4 49. a5 Ra2+ 50. Kf1 e3 0-1


[Site "https://www.chess.com"]

[Event "Titled Tuesday Blitz October 11 Early 2022"]
[White "Tsaruk, Maksim"]
[Black "Rosen, Eric"]
[WhiteFideId "13511173"]
[BlackFideId "2032562"]
[WhiteElo "2273"]
[BlackElo "2362"]
[Result "0-1"]
[Round "05"]
[TimeControl "180+1"]
[Date "2022.10.12"]
[WhiteClock "0:00:09"]
[BlackClock "0:00:21"]

1. e4 c5 2. Nf3 d6 3. Bb5+ Bd7 4. Bxd7+ Qxd7 5. O-O Nc6 6. c4 Nf6 7. Nc3 g6 8. d4 cxd4 9. Nxd4 Bg7 10. Nc2 O-O 11. Qe2 Rac8 12. Bg5 h6 13. Bh4 Ne5 14. Ne3 Qe6 15. Bxf6 Bxf6 16. Ncd5 Nc6 17. Rad1 Qxe4 18. Nxf6+ exf6 19. Rxd6 Nd4 20. Qd2 Ne6 21. Nd5 Kg7 22. b3 Rfd8 23. Rxd8 Rxd8 24. Re1 Qf5 25. h3 h5 26. Re3 Nf4 27. Rf3 g5 28. Qb2 Qe5 29. Qxe5 fxe5 30. Ne3 Kg6 31. g3 Nxh3+ 32. Kg2 g4 33. Rf5 f6 34. Kf1 Rd3 0-1


[Site "https://www.chess.com"]

[Event "Titled Tuesday Blitz October 11 Early 2022"]
[White "Turayev, Shahruh"]
[Black "Trimitzios, Petros"]
[WhiteFideId "14003856"]
[BlackFideId "25808796"]
[WhiteElo "2627"]
[BlackElo "2806"]
[Result "0-1"]
[Round "05"]
[TimeControl "180+1"]
[Date "2022.10.12"]
[WhiteClock "0:00:49"]
[BlackClock "0:02:35"]

1. e4 e5 2. Nc3 Nc6 3. Bc4 Bc5 4. Qg4 g6 5. Qf3 Nf6 6. Nge2 Be7 7. d3 d6 8. h3 h6 9. g4 Na5 10. Ng3 Nxc4 11. dxc4 Be6 12. b3 c6 13. g5 hxg5 14. Bxg5 Rxh3 15. Rxh3 Bxh3 16. Bxf6 Bxf6 17. Nh5 gxh5 18. Qxh3 h4 19. O-O-O Qd7 20. Qf5 Qxf5 21. exf5 Ke7 22. Ne4 Rd8 23. Rh1 Rh8 24. Kd2 d5 25. cxd5 cxd5 26. Nc5 b6 27. Nd3 Bg5+ 28. Ke2 e4 29. Ne1 Kd6 30. f3 Ke5 31. fxe4 dxe4 32. c4 Kxf5 33. Nc2 Ke5 34. Rg1 f6 35. Rh1 f5 36. Rh3 f4 37. Ne1 f3+ 0-1


[Site "https://www.chess.com"]

[Event "Titled Tuesday Blitz October 11 Early 2022"]
[White "Turutin, Alexander"]
[Black "Karavade, Eesha"]
[WhiteFideId "4180623"]
[BlackFideId "5012600"]
[WhiteElo "2402"]
[BlackElo "2258"]
[Result "1-0"]
[Round "05"]
[TimeControl "180+1"]
[Date "2022.10.12"]
[WhiteClock "0:00:17"]
[BlackClock "0:00:16"]

1. e4 c5 2. Nf3 d6 3. Bb5+ Nd7 4. O-O Nf6 5. d4 cxd4 6. Qxd4 a6 7. Bxd7+ Nxd7 8. c4 Qb6 9. Qd2 Nf6 10. Nc3 Bg4 11. Nd4 g6 12. b3 Bg7 13. Bb2 O-O 14. h3 Be6 15. Rfe1 Rac8 16. Nd5 Bxd5 17. exd5 Rfe8 18. Rad1 Nd7 19. Re2 Qc5 20. Rde1 Kf8 21. Nf5 gxf5 22. Bxg7+ Kxg7 23. Qg5+ Kh8 24. Rxe7 Rg8 25. Qxf5 Ne5 26. R1xe5 dxe5 27. Qxf7 Qxe7 28. Qxe7 Rg7 29. Qxe5 Rg8 30. g3 h6 31. h4 Kh7 32. c5 Rf7 33. d6 Rgf8 34. Qe4+ Kh8 35. b4 Rf6 36. f4 1-0


[Site "https://www.chess.com"]

[Event "Titled Tuesday Blitz October 11 Early 2022"]
[White "Tymrakiewicz, Rafal"]
[Black "Bluebaum, Matthias"]
[WhiteFideId "1108832"]
[BlackFideId "24651516"]
[WhiteElo "2483"]
[BlackElo "2951"]
[Result "0-1"]
[Round "05"]
[TimeControl "180+1"]
[Date "2022.10.12"]
[WhiteClock "0:00:10"]
[BlackClock "0:00:49"]

1. d4 Nf6 2. Bg5 d5 3. e3 c5 4. c3 Nc6 5. Bd3 e5 6. dxe5 Nxe5 7. Bb5+ Nc6 8. Nf3 Be7 9. O-O O-O 10. c4 a6 11. Ba4 Be6 12. cxd5 Nxd5 13. Bxe7 Ncxe7 14. Bb3 b5 15. e4 Nf4 16. Bxe6 fxe6 17. Nc3 c4 18. Qxd8 Raxd8 19. Ne5 Rd6 20. g3 Nd3 21. Nxd3 Rxd3 22. Rad1 Rfd8 23. Rxd3 Rxd3 24. Rd1 Rxd1+ 25. Nxd1 e5 26. Kf1 Kf7 27. Ke2 Nc6 28. Kd2 Ke6 29. h3 Kd6 30. Ne3 g6 31. Nd5 Kc5 32. Nf6 h5 33. f4 exf4 34. gxf4 Kd4 35. e5 b4 36. e6 Ne7 37. Nd7 a5 38. Nf8 Ke4 39. Nd7 Kxf4 40. Nb6 Kg3 41. Nxc4 Kxh3 42. Nxa5 h4 43. a3 bxa3 44. bxa3 Kg2 45. Nc4 h3 46. Ne3+ Kg1 47. Ke2 h2 0-1


[Site "https://www.chess.com"]

[Event "Titled Tuesday Blitz October 11 Early 2022"]
[White "Vachylia, Andrii"]
[Black "Salman, Pavel"]
[WhiteFideId "14137224"]
[BlackFideId "24153753"]
[WhiteElo "2318"]
[BlackElo "2187"]
[Result "1-0"]
[Round "05"]
[TimeControl "180+1"]
[Date "2022.10.12"]
[WhiteClock "0:00:26"]
[BlackClock "0:00:04"]

1. e4 c5 2. Nf3 e6 3. d4 cxd4 4. Nxd4 a6 5. Bd3 Bc5 6. Nb3 Ba7 7. O-O Ne7 8. c4 d6 9. Qe2 e5 10. Be3 O-O 11. Nc3 Nbc6 12. Nd5 Be6 13. Rfd1 Qb8 14. Rac1 b5 15. c5 dxc5 16. Nxc5 Qd6 17. Bb1 Bxd5 18. exd5 Nd4 19. Bxd4 exd4 20. Ne4 Qxd5 21. Nf6+ gxf6 22. Qxe7 Qe5 23. Qb7 Rfe8 24. g3 Bc5 25. a3 Ra7 26. Qf3 Rae7 27. Qg4+ Kh8 28. Qh3 d3 29. Bxd3 h5 30. Rf1 Bb6 31. Bf5 Qxb2 32. Qxh5+ Kg7 33. Qh7+ Kf8 34. Qh8# 1-0


[Site "https://www.chess.com"]

[Event "Titled Tuesday Blitz October 11 Early 2022"]
[White "Vaibhav Jayant Raut"]
[Black "Kodinets, Konstantin L."]
[WhiteFideId "5089034"]
[BlackFideId "4122011"]
[WhiteElo "2776"]
[BlackElo "2600"]
[Result "1-0"]
[Round "05"]
[TimeControl "180+1"]
[Date "2022.10.12"]
[WhiteClock "0:00:07"]
[BlackClock "0:00:18"]

1. c4 c6 2. Nf3 d6 3. Nc3 e5 4. d4 Nd7 5. e4 Be7 6. Be2 Ngf6 7. O-O O-O 8. h3 a6 9. a4 a5 10. Be3 exd4 11. Bxd4 Qc7 12. Qc2 Re8 13. Rad1 Ne5 14. Rfe1 Nfd7 15. Nd2 Ng6 16. Bf1 Bf6 17. Nf3 Nge5 18. Nxe5 dxe5 19. Be3 Be7 20. c5 Nxc5 21. Bc4 Qb6 22. Ne2 Qb4 23. b3 Ne6 24. Ng3 g6 25. Ne2 Bf8 26. Nc3 Qe7 27. Ne2 Qh4 28. Qb2 Nf4 29. Nxf4 exf4 30. Bd4 f3 31. Bf1 fxg2 32. Bxg2 Bxh3 33. Bf6 Qh5 34. Bxh3 Qxh3 35. Qc3 Qg4+ 36. Qg3 Rxe4 37. Rxe4 Qxe4 38. Rd7 b5 39. Qc7 Qe6 40. Bd4 Qxb3 41. Qxc6 Re8 42. Qf6 Qd1+ 43. Kh2 Qh5+ 44. Kg3 Bd6+ 45. Rxd6 Kf8 46. Rd7 1-0


[Site "https://www.chess.com"]

[Event "Titled Tuesday Blitz October 11 Early 2022"]
[White "Vargas, Mauricio"]
[Black "Kalajzic, Ivan"]
[WhiteFideId "4404572"]
[BlackFideId "14506378"]
[WhiteElo "2025"]
[BlackElo "2163"]
[Result "0-1"]
[Round "05"]
[TimeControl "180+1"]
[Date "2022.10.12"]
[WhiteClock "0:01:25"]
[BlackClock "0:01:46"]

1. e4 c5 2. Nc3 g6 3. f4 Bg7 4. Nf3 Nc6 5. Bb5 Nd4 6. Bf1 Rb8 7. h3 b5 8. g4 b4 9. Nd5 e6 10. Ne3 Qc7 11. e5 Nxf3+ 12. Qxf3 Bb7 13. Qg3 Bxh1 14. Nc4 Ne7 15. Nd6+ Kf8 16. Bc4 Bd5 17. Bd3 Nc8 18. Nc4 Bxc4 19. Bxc4 Qc6 20. Bf1 Ne7 21. Bg2 Qc7 22. d3 g5 23. Be3 gxf4 24. Bxf4 Ng6 25. Ke2 Bxe5 26. Bxe5 Qxe5+ 27. Qxe5 Nxe5 28. Rf1 Ke7 29. c3 bxc3 30. bxc3 Rb2+ 31. Ke3 Rxg2 32. d4 cxd4+ 33. cxd4 Nc4+ 34. Kf3 Rxa2 35. Rd1 Rb8 36. Kf4 Rb3 37. Kg5 Rf2 38. h4 Nd6 39. h5 Ne4+ 40. Kh6 Rg2 41. Kxh7 Rxg4 42. h6 Nf6+ 43. Kh8 Rb8# 0-1


[Site "https://www.chess.com"]

[Event "Titled Tuesday Blitz October 11 Early 2022"]
[White "Velikanov, Alexander"]
[Black "Lopez, Henry"]
[WhiteFideId "2039290"]
[BlackFideId "5203830"]
[WhiteElo "2750"]
[BlackElo "2565"]
[Result "0-1"]
[Round "05"]
[TimeControl "180+1"]
[Date "2022.10.12"]
[WhiteClock "0:00:18"]
[BlackClock "0:01:04"]

1. Nf3 c5 2. g3 b6 3. Bg2 Bb7 4. O-O Nf6 5. c4 e6 6. Nc3 Be7 7. e3 d6 8. d4 O-O 9. d5 exd5 10. cxd5 a6 11. a4 Nbd7 12. Nh4 g6 13. e4 Re8 14. f4 Rb8 15. Nf3 Bf8 16. e5 dxe5 17. fxe5 Nxe5 18. Nxe5 Rxe5 19. Bf4 Bd6 20. Bxe5 Bxe5 21. Qd3 Qd6 22. Kh1 Bd4 23. Ne4 Nxe4 24. Qxe4 Rd8 25. Rad1 Bxb2 26. Qf3 Rd7 27. Qe2 Bd4 28. Qe8+ Kg7 29. Rf4 Re7 0-1


[Site "https://www.chess.com"]

[Event "Titled Tuesday Blitz October 11 Early 2022"]
[White "Vignesh, N R"]
[Black "Kamsky, Gata"]
[WhiteFideId "25012215"]
[BlackFideId "2000024"]
[WhiteElo "2386"]
[BlackElo "2666"]
[Result "0-1"]
[Round "05"]
[TimeControl "180+1"]
[Date "2022.10.11"]
[WhiteClock "0:00:13"]
[BlackClock "0:00:11"]

1. e4 e5 2. Nf3 Nc6 3. Bb5 a6 4. Ba4 Nf6 5. O-O Be7 6. Re1 b5 7. Bb3 d6 8. c3 O-O 9. h3 Nb8 10. d4 Nbd7 11. c4 c6 12. a3 a5 13. Nc3 Rb8 14. cxb5 cxb5 15. Be3 Bb7 16. dxe5 Nxe5 17. Nxe5 dxe5 18. Qxd8 Rfxd8 19. Bb6 Rd2 20. Bxa5 Rxb2 21. Reb1 Rxb1+ 22. Rxb1 Bxa3 23. Bc7 Re8 24. Nxb5 Bxe4 25. Re1 Bb4 26. Re3 Bc6 27. Nd6 Bxd6 28. Bxd6 e4 29. Rc3 Bd5 30. Ba4 Ra8 31. Be5 h5 32. Bc6 Bxc6 33. Rxc6 Nd5 34. Rc5 Rd8 35. Rc4 f5 36. g4 hxg4 37. hxg4 g6 38. gxf5 gxf5 39. f3 Ne3 40. Rc7 exf3 41. Bf4 Ng4 42. Rc1 Kf7 43. Rf1 Rd3 44. Bg3 Kf6 45. Ra1 Kg5 46. Kf1 Ne3+ 47. Kf2 f4 48. Kxf3 Nf5+ 0-1


[Site "https://www.chess.com"]

[Event "Titled Tuesday Blitz October 11 Early 2022"]
[White "Visakh N R"]
[Black "Tologon tegin, Semetei"]
[WhiteFideId "25012223"]
[BlackFideId "13800574"]
[WhiteElo "2757"]
[BlackElo "2567"]
[Result "1-0"]
[Round "05"]
[TimeControl "180+1"]
[Date "2022.10.12"]
[WhiteClock "0:00:12"]
[BlackClock "0:00:01"]

1. Nf3 b6 2. e4 Bb7 3. Nc3 e6 4. d4 Bb4 5. Bd3 Nf6 6. Qe2 c5 7. O-O cxd4 8. Nb5 a6 9. Nbxd4 Be7 10. e5 Nd5 11. Be4 Qc7 12. Rd1 b5 13. a4 b4 14. Nf5 exf5 15. Bxd5 Bxd5 16. Rxd5 O-O 17. Bg5 Bxg5 18. Nxg5 h6 19. Nf3 Re8 20. Qd3 g6 21. Rd1 Ra7 22. Qd2 Kg7 23. Qxb4 Rb7 24. Qd4 Re6 25. Rc5 Nc6 26. Qc3 Qb6 27. b3 Qb4 28. Qxb4 Nxb4 29. Nd4 Re7 30. f4 Rb6 31. Rc4 Nd5 32. Nxf5+ gxf5 33. Rxd5 f6 34. Rcd4 fxe5 35. fxe5 Kg6 36. Rd6+ Rxd6 37. Rxd6+ Kg5 38. Rxa6 Rxe5 39. a5 Re2 40. Ra8 Rxc2 41. a6 Ra2 42. b4 Kf4 43. b5 d5 44. b6 1-0


[Site "https://www.chess.com"]

[Event "Titled Tuesday Blitz October 11 Early 2022"]
[White "Vlassov, Nikolai"]
[Black "Lucas, Arthur"]
[WhiteFideId "4103360"]
[BlackFideId "26093073"]
[WhiteElo "2324"]
[BlackElo "2251"]
[Result "0-1"]
[Round "05"]
[TimeControl "180+1"]
[Date "2022.10.12"]
[WhiteClock "0:00:23"]
[BlackClock "0:00:04"]

1. e4 g6 2. h4 d5 3. exd5 Qxd5 4. Nc3 Qd6 5. h5 Bg7 6. Nf3 Bg4 7. h6 Nxh6 8. d4 Nf5 9. Be2 Nc6 10. Nb5 Qd7 11. c3 a6 12. Na3 O-O-O 13. Bf4 Bxf3 14. Bxf3 e5 15. Bg5 f6 16. d5 Nce7 17. Bd2 Nxd5 18. Qb3 e4 19. Bxe4 Rhe8 20. f3 Ng3 21. O-O-O Nxh1 22. Rxh1 f5 23. Bxd5 Qxd5 24. Qxd5 Rxd5 25. Rxh7 Rd7 26. Kd1 b5 27. g4 fxg4 28. fxg4 Re4 29. g5 Rg4 30. Rh2 Rxg5 31. Kc2 Rh5 32. Rg2 Rd6 33. c4 Bh6 34. Bxh6 Rxh6 35. cxb5 axb5 36. Nxb5 Rc6+ 37. Kb3 Kb7 38. a4 Rh3+ 39. Nc3 Rb6+ 40. Kc2 Rh5 41. Rg4 Rf5 42. b4 g5 43. b5 Rg6 44. Ne4 Rf4 45. Rxg5 Rxg5 46. Nxg5 Rxa4 47. Kc3 Kb6 48. Ne6 Ra5 49. Nd4 Rxb5 50. Nxb5 Kxb5 51. Kb3 Kc5 52. Kc3 Kd5 53. Kd3 c6 54. Kc3 Kc5 55. Kc2 Kc4 56. Kd2 Kb3 57. Kd3 c5 58. Ke4 c4 0-1


[Site "https://www.chess.com"]

[Event "Titled Tuesday Blitz October 11 Early 2022"]
[White "Vokhidov, Shamsiddin"]
[Black "Jobava, Baadur"]
[WhiteFideId "14204223"]
[BlackFideId "13601520"]
[WhiteElo "2619"]
[BlackElo "2582"]
[Result "0-1"]
[Round "05"]
[TimeControl "180+1"]
[Date "2022.10.11"]
[WhiteClock "0:00:11"]
[BlackClock "0:00:46"]

1. e4 e6 2. d4 d5 3. e5 c5 4. c3 Nc6 5. Nf3 Qb6 6. Be2 Bd7 7. O-O Rc8 8. dxc5 Bxc5 9. b4 Be7 10. Bf4 Nh6 11. Bxh6 gxh6 12. Qd2 Bf8 13. Re1 Bg7 14. Bd3 Qc7 15. Qe2 Ne7 16. Na3 Qxc3 17. Nb5 Bxb5 18. Bxb5+ Nc6 19. Rec1 Qxb4 20. Rab1 Qe4 21. Qxe4 dxe4 22. Nd4 Bxe5 23. Nxc6 bxc6 24. Bxc6+ Ke7 25. Bxe4 Rxc1+ 26. Rxc1 Rd8 27. g3 f5 28. Bc6 Rd2 29. a4 Bd4 30. Rf1 e5 31. h3 h5 32. h4 e4 33. Bb5 a5 34. Kg2 Kf6 35. Kg1 Ke5 36. Be8 Ra2 37. Bxh5 Rxa4 38. Re1 Ra2 39. Re2 Rxe2 40. Bxe2 a4 41. Bc4 a3 42. Kf1 Bc5 43. Ke2 Kd4 44. Be6 Kc3 45. f3 e3 46. g4 f4 47. g5 Be7 48. Bg8 Kb2 49. Kd3 a2 0-1


[Site "https://www.chess.com"]

[Event "Titled Tuesday Blitz October 11 Early 2022"]
[White "Weetik, Vjacheslav"]
[Black "Cnejev, Vladimir-Alexandru"]
[WhiteFideId "4153472"]
[BlackFideId "1260898"]
[WhiteElo "2469"]
[BlackElo "2193"]
[Result "1-0"]
[Round "05"]
[TimeControl "180+1"]
[Date "2022.10.12"]
[WhiteClock "0:00:07"]
[BlackClock "0:00:02"]

1. e4 e5 2. Nf3 Nc6 3. Nc3 Nf6 4. Bb5 Bb4 5. O-O O-O 6. d3 d6 7. Ne2 Ne7 8. c3 Ba5 9. Ng3 c6 10. Ba4 Ng6 11. d4 h6 12. h3 Re8 13. Re1 Bc7 14. Bb3 d5 15. exd5 e4 16. Ne5 Nxe5 17. dxe5 Bxe5 18. dxc6 Qc7 19. Nh5 Qxc6 20. Be3 Be6 21. Nxf6+ Bxf6 22. Qh5 Bxb3 23. axb3 a6 24. Rad1 Rad8 25. b4 Rd3 26. Qg4 Kh7 27. Rxd3 exd3 28. Qf5+ g6 29. Qxd3 Bg5 30. Bd2 Bxd2 31. Rxe8 Qxe8 32. Qxd2 Qe4 33. f3 Qb1+ 34. Kf2 Kg7 35. Ke3 h5 36. Kd4 Qg1+ 37. Kd5 Kg8 38. Kd6 Qb6+ 39. Ke7 Qe6+ 40. Kd8 Kf8 41. Qd4 Kg8 42. Kc7 Qc6+ 43. Kb8 b5 44. Ka7 Qe6 45. h4 Kh7 46. Qb6 Qe2 47. Qf6 Kg8 48. Kxa6 Qxg2 49. Kxb5 Qxb2 50. Qd8+ Kg7 51. Qd4+ Kg8 52. Kc6 Qe2 53. Qd5 Qe3 54. c4 Qf4 55. b5 Qxh4 56. b6 Qf6+ 57. Kb5 h4 58. b7 Qe7 59. Qc6 h3 60. Qc8+ Kg7 61. b8=Q Qg5+ 62. c5 h2 63. Qh8# 1-0


[Site "https://www.chess.com"]

[Event "Titled Tuesday Blitz October 11 Early 2022"]
[White "Wiegmann, Sascha"]
[Black "Buscar, Michael"]
[WhiteFideId "4682041"]
[BlackFideId "2603616"]
[WhiteElo "2259"]
[BlackElo "2010"]
[Result "1-0"]
[Round "05"]
[TimeControl "180+1"]
[Date "2022.10.12"]
[WhiteClock "0:00:06"]
[BlackClock "0:00:16"]

1. Nf3 d5 2. g3 Nc6 3. Bg2 e5 4. d3 Nf6 5. O-O Be7 6. c4 Be6 7. cxd5 Nxd5 8. Nc3 Qd7 9. a3 Nb6 10. Be3 f6 11. Rc1 O-O-O 12. Nb5 Kb8 13. b4 g5 14. Nd2 Nxb4 15. Rxc7 Qxb5 16. Rxb7+ Kc8 17. Rxe7 N4d5 18. Rxe6 Kd7 19. Rxb6 Nxb6 20. Ne4 Ke7 21. Qc1 Rc8 22. Bc5+ Kf7 23. h4 h6 24. Qe3 Nd5 25. Nd6+ Kg7 26. Bxd5 Qxc5 27. Nf5+ Kg6 28. Qe4 Qb6 29. Ne7+ Kg7 30. Qg6+ Kf8 31. Nxc8 Qc7 32. Nd6 Qe7 33. Nf5 Qd7 34. Qxf6+ Ke8 35. Qxh8# 1-0


[Site "https://www.chess.com"]

[Event "Titled Tuesday Blitz October 11 Early 2022"]
[White "Winkels, Marcel"]
[Black "Makhmudov, Shukhrat"]
[WhiteFideId "1003887"]
[BlackFideId "14200775"]
[WhiteElo "1900"]
[BlackElo "2135"]
[Result "0-1"]
[Round "05"]
[TimeControl "180+1"]
[Date "2022.10.12"]
[WhiteClock "0:00:11"]
[BlackClock "0:01:16"]

1. d4 Nf6 2. Nc3 d5 3. Bf4 c6 4. e3 Bf5 5. f3 e6 6. h4 h6 7. g4 Bh7 8. Qd2 Bd6 9. O-O-O Bxf4 10. exf4 h5 11. Bh3 Nbd7 12. f5 exf5 13. Re1+ Kf8 14. g5 Ng8 15. f4 Ne7 16. Nf3 Bg6 17. Re2 Qc7 18. Rhe1 Re8 19. Ne5 Nxe5 20. Rxe5 f6 21. Re6 Bf7 22. R6e3 Qxf4 23. Qe2 Ng6 24. Kb1 Qxe3 25. Qxe3 Rxe3 26. Rxe3 Nxh4 27. gxf6 g5 28. Re7 Rh6 29. Rxb7 Rxf6 30. Rxa7 g4 31. Bf1 f4 32. Ra6 f3 33. Ra8+ Kg7 34. Na4 g3 35. Bh3 g2 36. b4 g1=Q+ 37. Kb2 Qxd4+ 38. Kb3 Qc4+ 39. Ka3 f2 40. Nb6 Rf3+ 41. Ka4 Qxa2# 0-1


[Site "https://www.chess.com"]

[Event "Titled Tuesday Blitz October 11 Early 2022"]
[White "Xu, Yi"]
[Black "Hristodoulou, Panagiotis"]
[WhiteFideId "8605564"]
[BlackFideId "4214340"]
[WhiteElo "2471"]
[BlackElo "2272"]
[Result "1-0"]
[Round "05"]
[TimeControl "180+1"]
[Date "2022.10.11"]
[WhiteClock "0:00:23"]
[BlackClock "0:00:02"]

1. e4 e5 2. Nf3 Nc6 3. Bc4 Nf6 4. d3 h6 5. O-O d6 6. c3 g6 7. a4 Bg7 8. a5 a6 9. Re1 O-O 10. Nbd2 Kh7 11. Qb3 Qe8 12. d4 Nh5 13. dxe5 dxe5 14. Nf1 Bg4 15. Qxb7 Bxf3 16. gxf3 Rb8 17. Qxc7 f5 18. Ng3 Nxg3 19. hxg3 fxe4 20. fxe4 Rc8 21. Qb6 Nd4 22. cxd4 Rxc4 23. d5 Qd7 24. Qxa6 Rc2 25. Be3 Qg4 26. Qf1 h5 27. Qg2 Bh6 28. a6 Bxe3 29. Rxe3 Rfxf2 30. Qxf2 Rxf2 31. Kxf2 h4 32. a7 hxg3+ 33. Kg2 Qf4 34. Re2 Qg4 35. Rae1 Qc8 36. b4 Qa6 37. Rd2 Qxa7 38. d6 Qd7 39. Kxg3 Kg7 40. b5 Kf6 41. b6 Kg5 42. Rg1 1-0


[Site "https://www.chess.com"]

[Event "Titled Tuesday Blitz October 11 Early 2022"]
[White "Yanchenko, Roman"]
[Black "Krysa, Leandro"]
[WhiteFideId "4137329"]
[BlackFideId "116807"]
[WhiteElo "2778"]
[BlackElo "2632"]
[Result "0-1"]
[Round "05"]
[TimeControl "180+1"]
[Date "2022.10.12"]
[WhiteClock "0:00:03"]
[BlackClock "0:00:08"]

1. d4 g6 2. c4 Bg7 3. Nf3 d6 4. Nc3 e5 5. dxe5 dxe5 6. Qxd8+ Kxd8 7. e4 c6 8. Be3 Kc7 9. Ng5 Nh6 10. O-O-O f6 11. Bc5 b6 12. Bd6+ Kb7 13. Nf3 Ng4 14. Rg1 Nxf2 15. Re1 Rd8 16. Be7 Nd3+ 17. Bxd3 Rxd3 18. Rd1 Rxd1+ 19. Rxd1 Be6 20. b3 Na6 21. Rd6 Nc7 22. Bd8 Bg4 23. Bxf6 Ne8 24. Bxg7 Nxd6 25. Bxe5 Bxf3 26. gxf3 Nf7 27. Bf4 g5 28. Bg3 h5 29. Kd2 h4 30. Bf2 Rd8+ 31. Ke2 Ne5 32. Be3 Rf8 33. Bxg5 Nxf3 34. Be7 Rf7 35. Ke3 Rxe7 36. Kxf3 Kc7 37. Ne2 Kd6 38. Nd4 Rf7+ 39. Ke3 c5 40. Nf5+ Ke6 41. Nxh4 Rg7 42. Kf3 Rg1 43. Ng2 Ra1 44. Nf4+ Kf7 45. e5 Rxa2 46. Ke4 Rxh2 47. Kd5 Rb2 48. e6+ Ke7 49. Ng6+ Ke8 50. Ne5 Rxb3 51. Ng4 a5 52. Kd6 Rd3+ 53. Kc6 a4 54. Nf6+ Ke7 55. Nd5+ Ke8 56. Nc7+ Kd8 57. e7+ Kxe7 58. Nd5+ Rxd5 59. cxd5 Kd8 60. Kxb6 a3 61. Kxc5 a2 0-1


[Site "https://www.chess.com"]

[Event "Titled Tuesday Blitz October 11 Early 2022"]
[White "Yeletsky, Ivan"]
[Black "Sarana, Alexey"]
[WhiteFideId "24180327"]
[BlackFideId "24133795"]
[WhiteElo "2391"]
[BlackElo "2689"]
[Result "1-0"]
[Round "05"]
[TimeControl "180+1"]
[Date "2022.10.11"]
[WhiteClock "0:00:10"]
[BlackClock "0:00:02"]

1. e4 c5 2. Nf3 d6 3. c3 Nf6 4. Qc2 Qc7 5. Bc4 e6 6. O-O Be7 7. d4 Nbd7 8. Re1 cxd4 9. cxd4 d5 10. exd5 Nxd5 11. Qe2 N7b6 12. Bd3 Nf4 13. Bb5+ Bd7 14. Bxd7+ Nxd7 15. Bxf4 Qxf4 16. d5 e5 17. Nc3 O-O 18. d6 Bf6 19. Nd5 Qf5 20. Rac1 Rac8 21. Qb5 b6 22. Ne7+ Bxe7 23. dxe7 Rfe8 24. Rxc8 Rxc8 25. Nxe5 Nf6 26. h3 Re8 27. Qb4 Nd5 28. Qd6 Qe6 29. Qxe6 fxe6 30. Nc6 Kf7 31. Nxa7 Kxe7 32. Nc6+ Kd6 33. Nd4 g6 34. a3 e5 35. g3 e4 36. Kg2 Kc5 37. Nc2 Re7 38. Ne3 Nf6 39. Rd1 Re6 40. Rd2 Kb5 41. Rd4 Kc5 42. Rc4+ Kb5 43. a4+ Ka5 44. b3 Rd6 45. g4 h6 46. Rc7 Kb4 47. Rb7 Kc3 48. Nc4 Rd1 49. Rxb6 Nd5 50. Ne3 Nf4+ 51. Kg3 Ne2+ 52. Kh4 g5+ 53. Kh5 Rh1 54. Kxh6 Rxh3+ 55. Kxg5 Rf3 56. Rf6 Rh3 57. Kg6 Kxb3 58. g5 Kxa4 59. Kf7 Nd4 60. g6 Rh1 61. g7 Rg1 62. Rg6 Rb1 63. g8=Q Rb7+ 64. Kf6 Ka3 65. Ke5 Nb3 66. Kxe4 Kb2 67. Rg7 Rb4+ 68. Kf3 Nd4+ 69. Kg2 Kc3 70. Rc7+ Kd3 71. Qd5 Rb2 72. Rc4 Rxf2+ 73. Kxf2 1-0


[Site "https://www.chess.com"]

[Event "Titled Tuesday Blitz October 11 Early 2022"]
[White "Yurovskykh, Oleksandr"]
[Black "Torres Boch, Jose Francisco"]
[WhiteFideId "14134020"]
[BlackFideId "2278383"]
[WhiteElo "2303"]
[BlackElo "2073"]
[Result "0-1"]
[Round "05"]
[TimeControl "180+1"]
[Date "2022.10.12"]
[WhiteClock "0:00:05"]
[BlackClock "0:00:05"]

1. d4 Nf6 2. Nf3 e6 3. Bf4 c5 4. c3 d5 5. e3 Nc6 6. Nbd2 Bd6 7. Bg3 O-O 8. Bb5 Ne7 9. Bd3 b5 10. dxc5 Bxc5 11. Bxb5 Nf5 12. Bf4 Qb6 13. Qb3 Nh5 14. Be2 Nxf4 15. exf4 Bxf2+ 16. Kd1 Qc7 17. g3 Rb8 18. Qa3 a5 19. Nb3 Ra8 20. Bd3 a4 21. Bxf5 exf5 22. Nbd4 Ba6 23. Kd2 Qc4 24. Ne5 Qc7 25. Nef3 Rfe8 26. Qxa4 Qb6 27. Qb3 Re2+ 28. Kd1 Rxb2 29. Qxb6 Rxb6 30. Nb3 Re8 31. Nfd4 Rb7 32. Kd2 Rbe7 33. Rhf1 Bxf1 34. Rxf1 Bxd4 35. Nxd4 Ra7 36. Ra1 Rea8 37. Kd3 Rxa2 38. Rh1 Rg2 39. Nxf5 g6 40. Nd4 Kg7 41. Nf3 Raa2 42. Ke3 Rae2+ 43. Kd4 Ref2 44. Ng5 h6 45. Nh3 Rd2+ 46. Ke3 Rxh2 47. Ra1 Rxh3 48. Kxd2 Rxg3 49. Ra5 Rf3 50. Rxd5 Rxf4 51. Kd3 h5 52. c4 Rf6 53. c5 Rc6 54. Kc4 h4 55. Kb5 Rc8 56. c6 Kh6 57. Kb6 g5 58. Kb7 Re8 59. c7 Re7 60. Kc6 Rxc7+ 61. Kxc7 g4 62. Kd6 h3 63. Ke5 g3 64. Rd1 g2 65. Kf4 h2 0-1


[Site "https://www.chess.com"]